[ AOE2 MATCH · #460883515 ]
UnrankedSaracens vs Bohemians
[ REPLAY ANALYSIS · EXTRACTED FROM THE RECORDED GAME ]
Feudal
12:17
Castle
15:47
Imperial
34:19
| APM avg | 42.1 |
| APM peak | 98 |
| eAPM avg | 23.1 |
| Villagers / military | 139 / 79 |
Focus
⚔️ 25.5% · 🌾 74.5%
Camel Scout ×69 · Monk ×6 · Mangonel ×4
Feudal
12:43
Castle
16:41
Imperial
32:41
| APM avg | 33.6 |
| APM peak | 101 |
| eAPM avg | 19.3 |
| Villagers / military | 153 / 64 |
Focus
⚔️ 29.2% · 🌾 70.8%
Spearman ×24 · Hussite Wagon ×18 · Hand Cannoneer ×8 · Mangonel ×4 · Fishing Ship ×4 · Bombard Cannon ×4
Feudal
12:32
Castle
16:31
Imperial
—
| APM avg | 22.6 |
| APM peak | 45 |
| eAPM avg | 13.8 |
| Villagers / military | 128 / 19 |
Focus
⚔️ 16.0% · 🌾 84.0%
Hussite Wagon ×9 · Battering Ram ×6 · Mangonel ×4
Feudal
11:07
Castle
—
Imperial
—
| APM avg | 20.5 |
| APM peak | 80 |
| eAPM avg | 12.9 |
| Villagers / military | 60 / 0 |
Focus
⚔️ 18.6% · 🌾 81.4%
Feudal
11:42
Castle
29:00
Imperial
—
| APM avg | 65.2 |
| APM peak | 136 |
| eAPM avg | 25.6 |
| Villagers / military | 61 / 103 |
Focus
⚔️ 46.5% · 🌾 53.5%
Archer ×103
Feudal
13:01
Castle
16:32
Imperial
35:47
| APM avg | 36.9 |
| APM peak | 87 |
| eAPM avg | 21.0 |
| Villagers / military | 143 / 119 |
Focus
⚔️ 31.4% · 🌾 68.6%
Monaspa ×73 · Knight ×34 · Scout Cavalry ×11 · Fishing Ship ×6 · Monk ×1
Feudal
10:16
Castle
16:23
Imperial
—
| APM avg | 56.5 |
| APM peak | 128 |
| eAPM avg | 31.3 |
| Villagers / military | 133 / 117 |
Focus
⚔️ 28.4% · 🌾 71.6%
Camel Scout ×78 · Armored Elephant ×33 · Monk ×5 · Scout Cavalry ×1
Feudal
10:46
Castle
30:08
Imperial
—
| APM avg | 29.0 |
| APM peak | 75 |
| eAPM avg | 14.5 |
| Villagers / military | 73 / 104 |
Focus
⚔️ 33.8% · 🌾 66.2%
Knight ×63 · Scout Cavalry ×39 · Mangonel ×2
Match map
Initial resources + every placement click. Lines = walls · curves = elevation contours. ◆ gold · ⬟ stone · ● berries · ✦ relic · ◌ wall gap
Your base· Open — opponent sealed themselves in
deadly neighbour's base· ✓ Closed at 16:41 · 8t walls · no gate
chiwire's base· ✓ Closed at 16:31 · 31t walls · no gate
3409853472's base· ✓ Closed at 39:44 · 17t walls · 4 gate(s)
Zawrt's base· ✓ Closed at 29:00 · 27t walls · no gate
HSL | LuxRay's base· Open — opponent sealed themselves in
Permatrago's base· ✓ Closed at 16:23 · 0t walls · no gate
MANQUELINI's base· ✓ Closed at 30:08 · 9t walls · 2 gate(s)
Smoothed initial terrain · ◌ = detected wall gap · hover for details
Inputs per minute
— Juanchoche - - deadly neighbour
Build order — Juanchoche
First 150 of 400 actions detected
| 0:00 | Queue | Villager (Male) |
| 0:00 | Queue | Villager (Male) |
| 0:01 | Queue | Villager (Male) |
| 0:01 | Queue | Villager (Male) |
| 0:01 | Queue | Villager (Male) |
| 0:03 | Build | House |
| 0:04 | Build | House |
| 1:41 | Queue | Villager (Male) |
| 1:58 | Queue | Villager (Male) |
| 1:59 | Queue | Villager (Male) |
| 2:22 | Queue | Villager (Male) |
| 2:28 | Build | Lumber Camp |
| 2:44 | Queue | Villager (Male) |
| 2:44 | Queue | Villager (Male) |
| 3:02 | Queue | Villager (Male) |
| 3:33 | Build | House |
| 3:34 | Queue | Villager (Male) |
| 3:34 | Queue | Villager (Male) |
| 3:50 | Queue | Villager (Male) |
| 4:33 | Queue | Villager (Male) |
| 4:35 | Build | Mill |
| 4:55 | Queue | Villager (Male) |
| 4:56 | Queue | Villager (Male) |
| 5:41 | Queue | Villager (Male) |
| 5:51 | Queue | Villager (Male) |
| 6:28 | Queue | Villager (Male) |
| 6:58 | Queue | Villager (Male) |
| 7:09 | Research | Loom |
| 7:12 | Build | House |
| 7:37 | Queue | Villager (Male) |
| 7:53 | Queue | Villager (Male) |
| 8:08 | Queue | Villager (Male) |
| 8:46 | Queue | Villager (Male) |
| 8:59 | Build | House |
| 9:02 | Queue | Villager (Male) |
| 9:02 | Queue | Villager (Male) |
| 9:29 | Build | Farm |
| 9:34 | Build | Farm |
| 9:51 | Build | Mining Camp |
| 9:54 | Queue | Villager (Male) |
| 9:57 | Research | Feudal Age |
| 10:08 | Build | Farm |
| 10:36 | Queue | Villager (Male) |
| 11:19 | Queue | Villager (Male) |
| 11:35 | Build | Palisade Gate |
| 11:39 | Build | House |
| 11:41 | Build | Palisade Wall |
| 11:47 | Build | Palisade Wall |
| 12:17 | Age | Feudal Age |
| 12:18 | Build | Market |
| 12:20 | Build | Blacksmith |
| 12:49 | Queue | Villager (Male) |
| 13:07 | Research | Castle Age |
| 13:17 | Research | Double-Bit Axe |
| 13:19 | Research | Gold Mining |
| 13:44 | Build | Lumber Camp |
| 14:00 | Build | Lumber Camp |
| 14:08 | Build | Farm |
| 14:10 | Build | Farm |
| 14:14 | Build | Farm |
| 14:58 | Queue | Villager (Male) |
| 15:21 | Build | House |
| 15:27 | Research | Horse Collar |
| 15:27 | Research | Horse Collar |
| 15:47 | Age | Castle Age |
| 15:49 | Build | Siege Workshop |
| 15:53 | Build | Monastery |
| 15:56 | Research | Bow Saw |
| 15:57 | Queue | Villager (Male) |
| 16:23 | Build | House |
| 16:24 | Build | House |
| 16:26 | Queue | Mangonel |
| 16:31 | Queue | Villager (Male) |
| 16:47 | Queue | Monk |
| 16:47 | Queue | Monk |
| 16:55 | Queue | Mangonel |
| 17:03 | Queue | Villager (Male) |
| 17:09 | Build | Farm |
| 17:11 | Queue | Villager (Male) |
| 17:36 | Queue | Villager (Male) |
| 17:49 | Queue | Villager (Male) |
| 18:06 | Queue | Villager (Male) |
| 18:11 | Queue | Mangonel |
| 18:12 | Queue | Villager (Male) |
| 18:39 | Queue | Mangonel |
| 18:40 | Queue | Villager (Male) |
| 18:52 | Queue | Villager (Male) |
| 18:53 | Queue | Villager (Male) |
| 19:00 | Queue | Monk |
| 19:02 | Build | House |
| 19:12 | Build | Farm |
| 19:13 | Build | Farm |
| 19:14 | Queue | Villager (Male) |
| 19:16 | Build | Farm |
| 19:44 | Queue | Villager (Male) |
| 20:01 | Queue | Villager (Male) |
| 20:04 | Queue | Monk |
| 20:11 | Build | Palisade Wall |
| 20:13 | Build | Palisade Wall |
| 20:21 | Build | Farm |
| 20:22 | Build | Farm |
| 20:26 | Build | Town Center |
| 20:29 | Queue | Villager (Male) |
| 20:38 | Build | Town Center |
| 20:42 | Build | Farm |
| 20:44 | Queue | Villager (Male) |
| 20:54 | Build | Barracks |
| 20:59 | Build | Farm |
| 21:02 | Queue | Villager (Male) |
| 21:19 | Queue | Villager (Male) |
| 21:28 | Build | Farm |
| 21:31 | Build | Farm |
| 21:32 | Queue | Villager (Male) |
| 21:43 | Build | Stable |
| 21:47 | Build | Farm |
| 21:57 | Queue | Villager (Male) |
| 22:04 | Queue | Villager (Male) |
| 22:04 | Queue | Villager (Male) |
| 22:10 | Build | Farm |
| 22:11 | Build | Farm |
| 22:12 | Build | Farm |
| 22:12 | Build | Farm |
| 22:12 | Build | Farm |
| 22:19 | Queue | Villager (Male) |
| 22:24 | Queue | Camel Scout |
| 22:26 | Build | Farm |
| 22:29 | Build | Farm |
| 22:34 | Queue | Villager (Male) |
| 22:47 | Queue | Villager (Male) |
| 22:48 | Queue | Villager (Male) |
| 22:48 | Queue | Villager (Male) |
| 22:49 | Queue | Camel Scout |
| 22:50 | Queue | Camel Scout |
| 22:50 | Queue | Camel Scout |
| 22:55 | Build | Farm |
| 22:58 | Build | Farm |
| 23:00 | Build | Farm |
| 23:00 | Queue | Villager (Male) |
| 23:02 | Build | Farm |
| 23:08 | Queue | Camel Scout |
| 23:08 | Queue | Camel Scout |
| 23:18 | Research | Scale Barding Armor |
| 23:18 | Research | Scale Barding Armor |
| 23:22 | Build | Farm |
| 23:24 | Queue | Villager (Male) |
| 23:26 | Build | Farm |
| 23:32 | Queue | Villager (Male) |
| 23:46 | Queue | Camel Scout |
| 23:46 | Queue | Camel Scout |
| 23:50 | Queue | Villager (Male) |
Build order — deadly neighbour
First 150 of 390 actions detected
| 0:01 | Queue | Villager (Male) |
| 0:01 | Queue | Villager (Male) |
| 0:03 | Build | House |
| 0:04 | Build | House |
| 0:13 | Queue | Villager (Male) |
| 0:13 | Queue | Villager (Male) |
| 0:44 | Research | Loom |
| 0:45 | Queue | Villager (Male) |
| 0:45 | Queue | Villager (Male) |
| 0:45 | Queue | Villager (Male) |
| 2:06 | Queue | Villager (Male) |
| 2:28 | Build | Palisade Wall |
| 2:35 | Queue | Villager (Male) |
| 2:41 | Build | Palisade Wall |
| 2:43 | Build | Palisade Wall |
| 2:53 | Build | Palisade Wall |
| 2:56 | Build | Palisade Wall |
| 2:59 | Queue | Villager (Male) |
| 3:08 | Build | Lumber Camp |
| 3:25 | Queue | Villager (Male) |
| 3:51 | Queue | Villager (Male) |
| 3:51 | Queue | Villager (Male) |
| 3:57 | Build | House |
| 4:19 | Queue | Villager (Male) |
| 4:19 | Queue | Villager (Male) |
| 4:59 | Queue | Villager (Male) |
| 5:00 | Queue | Villager (Male) |
| 5:03 | Build | Palisade Wall |
| 5:41 | Queue | Villager (Male) |
| 5:41 | Queue | Villager (Male) |
| 5:55 | Queue | Villager (Male) |
| 6:04 | Build | House |
| 6:28 | Queue | Villager (Male) |
| 6:41 | Queue | Villager (Male) |
| 6:41 | Queue | Villager (Male) |
| 6:45 | Build | Dock |
| 7:18 | Queue | Villager (Male) |
| 7:18 | Queue | Villager (Male) |
| 7:24 | Build | House |
| 7:25 | Queue | Fishing Ship |
| 7:54 | Queue | Villager (Male) |
| 7:54 | Queue | Villager (Male) |
| 8:13 | Queue | Villager (Male) |
| 8:14 | Queue | Villager (Male) |
| 8:30 | Queue | Fishing Ship |
| 8:31 | Queue | Fishing Ship |
| 9:17 | Queue | Villager (Male) |
| 9:18 | Queue | Villager (Male) |
| 9:18 | Queue | Villager (Male) |
| 9:18 | Queue | Villager (Male) |
| 9:25 | Queue | Villager (Male) |
| 9:27 | Queue | Fishing Ship |
| 9:30 | Build | House |
| 9:47 | Queue | Villager (Male) |
| 10:00 | Build | Mining Camp |
| 10:11 | Build | Mining Camp |
| 10:33 | Research | Feudal Age |
| 11:36 | Build | Mill |
| 11:48 | Queue | Villager (Male) |
| 11:48 | Queue | Villager (Male) |
| 12:43 | Age | Feudal Age |
| 12:44 | Build | Blacksmith |
| 12:47 | Build | Market |
| 13:14 | Queue | Villager (Male) |
| 14:01 | Research | Castle Age |
| 14:47 | Research | Double-Bit Axe |
| 15:22 | Build | Lumber Camp |
| 15:33 | Research | Horse Collar |
| 15:36 | Build | House |
| 16:12 | Build | House |
| 16:35 | Build | Fish Trap |
| 16:37 | Build | Fish Trap |
| 16:41 | Age | Castle Age |
| 16:43 | Queue | Villager (Male) |
| 16:46 | Build | Castle |
| 16:57 | Research | Bow Saw |
| 16:59 | Queue | Villager (Male) |
| 17:05 | Build | Town Center |
| 17:18 | Queue | Villager (Male) |
| 17:38 | Queue | Villager (Male) |
| 17:41 | Build | Fish Trap |
| 18:12 | Queue | Villager (Male) |
| 18:18 | Build | Fish Trap |
| 18:30 | Build | Farm |
| 18:31 | Build | Farm |
| 18:34 | Queue | Villager (Male) |
| 18:34 | Queue | Villager (Male) |
| 18:45 | Queue | Hussite Wagon |
| 18:50 | Queue | Villager (Male) |
| 18:50 | Queue | Villager (Male) |
| 19:11 | Build | Town Center |
| 19:28 | Queue | Hussite Wagon |
| 19:29 | Queue | Villager (Male) |
| 19:31 | Queue | Villager (Male) |
| 19:35 | Build | Farm |
| 19:36 | Build | Farm |
| 19:42 | Build | Farm |
| 19:42 | Queue | Villager (Male) |
| 19:45 | Build | Farm |
| 19:47 | Build | Farm |
| 19:52 | Build | Farm |
| 19:54 | Build | Farm |
| 19:59 | Queue | Villager (Male) |
| 19:59 | Queue | Villager (Male) |
| 20:16 | Queue | Hussite Wagon |
| 20:17 | Queue | Villager (Male) |
| 20:17 | Queue | Villager (Male) |
| 20:23 | Build | Farm |
| 20:27 | Build | Farm |
| 20:29 | Build | Farm |
| 20:30 | Queue | Villager (Male) |
| 20:31 | Queue | Villager (Male) |
| 20:45 | Queue | Hussite Wagon |
| 20:55 | Queue | Petard |
| 21:00 | Build | Farm |
| 21:00 | Build | Farm |
| 21:00 | Build | Farm |
| 21:08 | Queue | Villager (Male) |
| 21:09 | Queue | Villager (Male) |
| 21:09 | Queue | Villager (Male) |
| 21:15 | Build | Monastery |
| 21:17 | Queue | Hussite Wagon |
| 21:59 | Queue | Villager (Male) |
| 21:59 | Queue | Villager (Male) |
| 22:00 | Queue | Villager (Male) |
| 22:00 | Queue | Villager (Male) |
| 22:00 | Queue | Villager (Male) |
| 22:13 | Queue | Monk |
| 22:22 | Queue | Villager (Male) |
| 22:30 | Build | Siege Workshop |
| 22:31 | Queue | Villager (Male) |
| 22:31 | Queue | Villager (Male) |
| 22:35 | Queue | Hussite Wagon |
| 23:01 | Queue | Villager (Male) |
| 23:02 | Queue | Villager (Male) |
| 23:04 | Queue | Hussite Wagon |
| 23:12 | Queue | Villager (Male) |
| 23:13 | Queue | Villager (Male) |
| 23:13 | Queue | Villager (Male) |
| 23:17 | Build | Farm |
| 23:17 | Build | Farm |
| 23:17 | Build | Farm |
| 23:18 | Build | Farm |
| 23:18 | Build | Farm |
| 23:18 | Build | Farm |
| 23:18 | Build | Farm |
| 23:18 | Build | Farm |
| 23:19 | Queue | Villager (Male) |
| 23:20 | Queue | Villager (Male) |
| 23:25 | Queue | Villager (Male) |
Build order — chiwire
First 150 of 271 actions detected
| 0:02 | Build | House |
| 0:03 | Build | House |
| 0:04 | Queue | Villager (Male) |
| 0:05 | Queue | Villager (Male) |
| 0:05 | Queue | Villager (Male) |
| 0:05 | Queue | Villager (Male) |
| 0:05 | Queue | Villager (Male) |
| 0:07 | Research | Loom |
| 0:27 | Queue | Villager (Male) |
| 0:27 | Queue | Villager (Male) |
| 0:27 | Queue | Villager (Male) |
| 0:27 | Queue | Villager (Male) |
| 0:49 | Build | Palisade Wall |
| 1:44 | Build | Palisade Wall |
| 1:46 | Build | Palisade Wall |
| 2:05 | Queue | Villager (Male) |
| 2:05 | Queue | Villager (Male) |
| 3:01 | Build | Palisade Wall |
| 3:05 | Queue | Villager (Male) |
| 3:05 | Queue | Villager (Male) |
| 3:34 | Queue | Villager (Male) |
| 3:34 | Queue | Villager (Male) |
| 3:52 | Queue | Villager (Male) |
| 3:53 | Queue | Villager (Male) |
| 4:02 | Build | Lumber Camp |
| 4:28 | Queue | Villager (Male) |
| 4:28 | Queue | Villager (Male) |
| 4:48 | Queue | Villager (Male) |
| 4:48 | Queue | Villager (Male) |
| 5:12 | Queue | Villager (Male) |
| 5:12 | Queue | Villager (Male) |
| 5:28 | Queue | Villager (Male) |
| 5:28 | Queue | Villager (Male) |
| 5:52 | Build | House |
| 5:57 | Queue | Villager (Male) |
| 5:57 | Queue | Villager (Male) |
| 5:57 | Queue | Villager (Male) |
| 5:58 | Queue | Villager (Male) |
| 6:17 | Build | House |
| 6:40 | Queue | Villager (Male) |
| 6:41 | Queue | Villager (Male) |
| 6:41 | Queue | Villager (Male) |
| 7:02 | Build | Mill |
| 7:39 | Queue | Villager (Male) |
| 7:39 | Queue | Villager (Male) |
| 8:21 | Queue | Villager (Male) |
| 8:21 | Queue | Villager (Male) |
| 8:21 | Queue | Villager (Male) |
| 9:21 | Queue | Villager (Male) |
| 9:56 | Build | Mining Camp |
| 10:06 | Build | House |
| 10:22 | Research | Feudal Age |
| 10:35 | Queue | Villager (Male) |
| 10:36 | Queue | Villager (Male) |
| 10:37 | Queue | Villager (Male) |
| 10:46 | Build | Farm |
| 10:49 | Build | Farm |
| 10:54 | Build | Farm |
| 11:02 | Build | Farm |
| 12:32 | Age | Feudal Age |
| 12:35 | Build | Market |
| 12:39 | Build | Blacksmith |
| 13:51 | Research | Castle Age |
| 14:24 | Research | Double-Bit Axe |
| 14:26 | Research | Horse Collar |
| 14:44 | Build | Stone Wall |
| 14:51 | Build | House |
| 14:52 | Build | House |
| 15:26 | Queue | Villager (Male) |
| 15:32 | Research | Wheelbarrow |
| 16:31 | Age | Castle Age |
| 16:34 | Build | Town Center |
| 16:40 | Research | Bow Saw |
| 17:08 | Build | Siege Workshop |
| 17:11 | Queue | Villager (Male) |
| 17:11 | Queue | Villager (Male) |
| 17:20 | Build | Stone Wall |
| 17:37 | Queue | Battering Ram |
| 17:38 | Queue | Battering Ram |
| 17:51 | Queue | Battering Ram |
| 18:13 | Queue | Villager (Male) |
| 18:35 | Queue | Battering Ram |
| 18:41 | Queue | Villager (Male) |
| 18:41 | Queue | Villager (Male) |
| 19:07 | Build | Gate |
| 19:10 | Queue | Battering Ram |
| 19:12 | Queue | Villager (Male) |
| 19:20 | Build | Farm |
| 19:34 | Build | Stone Wall |
| 19:39 | Queue | Villager (Male) |
| 19:49 | Queue | Battering Ram |
| 20:13 | Queue | Villager (Male) |
| 20:55 | Queue | Mangonel |
| 20:56 | Queue | Villager (Male) |
| 20:57 | Queue | Villager (Male) |
| 21:47 | Build | House |
| 21:48 | Build | House |
| 21:49 | Build | House |
| 21:49 | Build | House |
| 21:51 | Queue | Villager (Male) |
| 21:53 | Queue | Mangonel |
| 22:08 | Queue | Villager (Male) |
| 22:14 | Queue | Mangonel |
| 22:58 | Build | Farm |
| 23:02 | Queue | Mangonel |
| 23:12 | Build | Mining Camp |
| 23:35 | Build | Farm |
| 23:56 | Build | Castle |
| 24:04 | Build | Lumber Camp |
| 24:53 | Queue | Villager (Male) |
| 24:53 | Queue | Villager (Male) |
| 25:06 | Queue | Villager (Male) |
| 25:07 | Queue | Villager (Male) |
| 26:10 | Build | Castle |
| 26:54 | Queue | Hussite Wagon |
| 26:54 | Queue | Hussite Wagon |
| 27:09 | Queue | Hussite Wagon |
| 27:30 | Queue | Hussite Wagon |
| 28:19 | Queue | Hussite Wagon |
| 28:20 | Queue | Hussite Wagon |
| 28:20 | Queue | Hussite Wagon |
| 28:40 | Queue | Hussite Wagon |
| 28:40 | Queue | Hussite Wagon |
| 29:37 | Build | Town Center |
| 31:57 | Build | Town Center |
| 32:09 | Build | Town Center |
| 32:31 | Build | Farm |
| 32:31 | Build | Farm |
| 32:31 | Build | Farm |
| 32:31 | Build | Farm |
| 32:32 | Build | Farm |
| 32:38 | Queue | Villager (Male) |
| 32:38 | Queue | Villager (Male) |
| 32:52 | Queue | Villager (Male) |
| 32:52 | Queue | Villager (Male) |
| 32:56 | Build | Farm |
| 32:57 | Build | Farm |
| 33:11 | Queue | Villager (Male) |
| 33:13 | Build | Farm |
| 33:16 | Build | Farm |
| 33:19 | Build | Farm |
| 33:21 | Queue | Villager (Male) |
| 33:21 | Queue | Villager (Male) |
| 33:32 | Build | Farm |
| 33:34 | Build | Farm |
| 33:39 | Queue | Villager (Male) |
| 33:40 | Queue | Villager (Male) |
| 33:40 | Queue | Villager (Male) |
| 33:41 | Build | Farm |
| 33:44 | Build | Farm |
Build order — 3409853472
First 150 of 162 actions detected
| 0:01 | Queue | Villager (Male) |
| 0:02 | Queue | Villager (Male) |
| 0:03 | Build | House |
| 0:05 | Build | House |
| 0:43 | Queue | Villager (Male) |
| 0:43 | Queue | Villager (Male) |
| 1:25 | Queue | Villager (Male) |
| 1:39 | Research | Loom |
| 1:39 | Queue | Villager (Male) |
| 1:55 | Build | Palisade Gate |
| 1:58 | Queue | Villager (Male) |
| 2:33 | Queue | Villager (Male) |
| 3:04 | Queue | Villager (Male) |
| 3:38 | Queue | Villager (Male) |
| 4:01 | Queue | Villager (Male) |
| 4:57 | Queue | Villager (Male) |
| 4:57 | Queue | Villager (Male) |
| 5:39 | Queue | Villager (Male) |
| 5:45 | Build | House |
| 6:08 | Queue | Villager (Male) |
| 6:19 | Build | Mill |
| 6:46 | Queue | Villager (Male) |
| 7:28 | Build | Lumber Camp |
| 7:55 | Queue | Villager (Male) |
| 8:29 | Queue | Villager (Male) |
| 8:40 | Build | Mill |
| 8:57 | Research | Feudal Age |
| 8:57 | Research | Feudal Age |
| 9:26 | Build | House |
| 9:28 | Build | House |
| 10:34 | Build | Mining Camp |
| 11:07 | Age | Feudal Age |
| 11:09 | Build | Watch Tower |
| 11:11 | Research | Town Watch |
| 11:15 | Queue | Villager (Male) |
| 11:15 | Queue | Villager (Male) |
| 11:57 | Build | Blacksmith |
| 12:03 | Queue | Villager (Male) |
| 12:33 | Queue | Villager (Male) |
| 12:37 | Build | Outpost |
| 12:48 | Build | Watch Tower |
| 13:03 | Research | Fletching |
| 13:09 | Build | Palisade Wall |
| 13:15 | Queue | Villager (Male) |
| 13:24 | Queue | Villager (Male) |
| 13:38 | Build | Outpost |
| 13:39 | Queue | Villager (Male) |
| 14:13 | Queue | Villager (Male) |
| 14:28 | Build | House |
| 14:36 | Queue | Villager (Male) |
| 14:57 | Build | Watch Tower |
| 15:01 | Queue | Villager (Male) |
| 15:04 | Research | Double-Bit Axe |
| 15:05 | Research | Horse Collar |
| 15:29 | Queue | Villager (Male) |
| 15:52 | Build | Watch Tower |
| 16:00 | Queue | Villager (Male) |
| 16:23 | Queue | Villager (Male) |
| 16:36 | Build | Gate |
| 16:38 | Build | Stone Wall |
| 16:39 | Build | Stone Wall |
| 16:44 | Queue | Villager (Male) |
| 17:11 | Build | Watch Tower |
| 17:12 | Queue | Villager (Male) |
| 17:22 | Build | Watch Tower |
| 17:34 | Queue | Villager (Male) |
| 17:36 | Build | House |
| 17:56 | Build | Farm |
| 17:57 | Build | Farm |
| 17:58 | Build | Farm |
| 17:58 | Build | Farm |
| 17:58 | Build | Farm |
| 17:58 | Build | Farm |
| 17:58 | Build | Farm |
| 17:59 | Build | Farm |
| 17:59 | Build | Farm |
| 18:28 | Build | Palisade Gate |
| 18:35 | Build | Gate |
| 18:36 | Build | Stone Wall |
| 18:46 | Build | House |
| 18:51 | Build | Palisade Wall |
| 19:41 | Queue | Villager (Male) |
| 19:41 | Queue | Villager (Male) |
| 19:51 | Build | Gate |
| 19:58 | Build | Gate |
| 20:05 | Queue | Villager (Male) |
| 20:08 | Build | Watch Tower |
| 20:12 | Build | Watch Tower |
| 20:21 | Build | Farm |
| 20:44 | Queue | Villager (Male) |
| 20:45 | Queue | Villager (Male) |
| 20:49 | Build | Farm |
| 20:50 | Build | Farm |
| 20:51 | Build | Farm |
| 20:52 | Build | Farm |
| 20:56 | Build | Watch Tower |
| 21:23 | Build | Watch Tower |
| 21:41 | Queue | Villager (Male) |
| 21:41 | Queue | Villager (Male) |
| 23:53 | Build | Palisade Wall |
| 24:02 | Build | Town Center |
| 24:12 | Build | Stone Wall |
| 24:18 | Build | Gate |
| 24:22 | Build | Stone Wall |
| 25:15 | Queue | Villager (Male) |
| 25:15 | Queue | Villager (Male) |
| 25:33 | Build | Farm |
| 25:34 | Build | Farm |
| 25:35 | Build | Farm |
| 25:36 | Build | Farm |
| 25:37 | Build | Farm |
| 25:39 | Build | Farm |
| 25:52 | Build | Farm |
| 25:53 | Build | Farm |
| 25:55 | Build | Farm |
| 28:13 | Build | Mining Camp |
| 29:03 | Build | Lumber Camp |
| 30:37 | Build | Town Center |
| 30:45 | Build | Town Center |
| 31:52 | Build | Farm |
| 31:53 | Build | Farm |
| 31:54 | Queue | Villager (Male) |
| 31:57 | Build | Farm |
| 32:02 | Build | Farm |
| 32:43 | Build | Farm |
| 32:56 | Build | Farm |
| 33:02 | Build | Farm |
| 33:04 | Queue | Villager (Male) |
| 33:17 | Build | Farm |
| 33:19 | Build | Mill |
| 33:42 | Queue | Villager (Male) |
| 33:51 | Build | Farm |
| 34:00 | Queue | Villager (Male) |
| 34:27 | Queue | Villager (Male) |
| 34:35 | Build | Farm |
| 34:44 | Queue | Villager (Male) |
| 35:10 | Queue | Villager (Male) |
| 35:34 | Build | Watch Tower |
| 35:57 | Queue | Villager (Male) |
| 35:58 | Queue | Villager (Male) |
| 35:58 | Queue | Villager (Male) |
| 36:06 | Build | Mining Camp |
| 36:21 | Build | Farm |
| 36:22 | Build | Farm |
| 36:26 | Queue | Villager (Male) |
| 36:41 | Build | Mill |
| 36:42 | Build | Farm |
| 36:45 | Build | Farm |
| 36:46 | Build | Farm |
| 36:49 | Build | Farm |
Build order — Zawrt
First 150 of 268 actions detected
| 0:01 | Queue | Villager (Male) |
| 0:01 | Research | Loom |
| 0:02 | Queue | Villager (Male) ×3 |
| 0:03 | Build | House |
| 0:05 | Build | House |
| 1:27 | Build | Palisade Wall |
| 1:29 | Build | Palisade Wall |
| 1:36 | Build | Palisade Wall |
| 1:46 | Build | Palisade Wall |
| 1:49 | Build | Palisade Wall |
| 2:18 | Queue | Villager (Male) |
| 2:52 | Queue | Villager (Male) |
| 3:15 | Build | Lumber Camp |
| 3:21 | Queue | Villager (Male) |
| 3:28 | Build | Palisade Wall |
| 3:50 | Queue | Villager (Male) |
| 4:08 | Build | Palisade Wall |
| 4:09 | Build | Palisade Wall |
| 4:18 | Build | House |
| 4:47 | Build | House |
| 4:55 | Queue | Villager (Male) |
| 5:31 | Queue | Villager (Male) |
| 5:31 | Queue | Villager (Male) |
| 5:50 | Build | House |
| 5:53 | Build | Palisade Wall |
| 6:04 | Queue | Villager (Male) |
| 6:11 | Build | Palisade Wall |
| 6:21 | Build | Palisade Wall |
| 6:25 | Build | Palisade Wall |
| 6:33 | Build | Palisade Wall |
| 6:43 | Queue | Villager (Male) |
| 6:47 | Build | Palisade Wall |
| 6:53 | Build | House |
| 7:01 | Build | Palisade Wall |
| 7:18 | Queue | Villager (Male) |
| 7:18 | Queue | Villager (Male) |
| 7:22 | Build | Palisade Wall |
| 8:15 | Queue | Villager (Male) |
| 8:42 | Queue | Villager (Male) |
| 8:55 | Build | Mining Camp |
| 9:07 | Queue | Villager (Male) |
| 9:28 | Research | Feudal Age |
| 9:28 | Research | Feudal Age |
| 10:27 | Build | Barracks |
| 10:28 | Build | House |
| 10:36 | Build | Palisade Wall |
| 10:37 | Build | Palisade Wall |
| 11:16 | Queue | Villager (Male) |
| 11:16 | Queue | Villager (Male) |
| 11:17 | Queue | Villager (Male) |
| 11:42 | Age | Feudal Age |
| 11:53 | Build | Stone Wall |
| 11:54 | Build | Stone Wall |
| 12:13 | Build | Watch Tower |
| 12:36 | Build | Archery Range |
| 12:39 | Build | Archery Range |
| 12:47 | Build | Archery Range |
| 12:55 | Build | House |
| 13:00 | Queue | Villager (Male) |
| 13:01 | Queue | Villager (Male) |
| 13:45 | Queue | Archer |
| 13:45 | Queue | Archer |
| 13:51 | Build | House |
| 14:01 | Queue | Archer |
| 14:01 | Queue | Archer |
| 14:07 | Queue | Villager (Male) |
| 14:38 | Build | House |
| 14:45 | Build | Blacksmith |
| 14:50 | Queue | Archer |
| 14:50 | Queue | Archer |
| 14:50 | Queue | Villager (Male) |
| 15:05 | Build | House |
| 15:06 | Build | House |
| 15:19 | Queue | Villager (Male) |
| 15:19 | Queue | Villager (Male) |
| 15:19 | Queue | Villager (Male) |
| 15:21 | Research | Fletching |
| 15:22 | Queue | Archer |
| 15:22 | Queue | Archer |
| 15:46 | Build | House |
| 16:05 | Build | Mill |
| 16:31 | Build | Lumber Camp |
| 16:49 | Queue | Archer |
| 16:50 | Queue | Archer |
| 16:52 | Research | Padded Archer Armor |
| 17:02 | Build | House |
| 17:03 | Build | House |
| 17:38 | Queue | Archer |
| 17:38 | Queue | Archer |
| 17:38 | Queue | Archer |
| 17:39 | Queue | Villager (Male) |
| 18:04 | Queue | Archer |
| 18:13 | Queue | Villager (Male) |
| 18:33 | Queue | Archer |
| 18:33 | Queue | Archer |
| 18:38 | Build | House |
| 18:38 | Build | House |
| 19:44 | Queue | Archer |
| 19:44 | Queue | Archer |
| 19:44 | Queue | Archer |
| 19:45 | Queue | Villager (Male) |
| 19:45 | Queue | Villager (Male) |
| 20:22 | Queue | Archer |
| 20:22 | Queue | Archer |
| 20:22 | Queue | Archer |
| 20:30 | Build | Dock |
| 20:39 | Build | Farm |
| 20:41 | Build | Farm |
| 20:42 | Queue | Villager (Male) |
| 20:52 | Queue | Archer |
| 21:02 | Build | Farm |
| 22:13 | Queue | Archer ×5 |
| 22:13 | Queue | Archer |
| 22:14 | Queue | Villager (Male) |
| 22:14 | Queue | Villager (Male) |
| 23:16 | Queue | Archer |
| 23:16 | Queue | Archer |
| 23:17 | Queue | Villager (Male) |
| 23:17 | Queue | Villager (Male) |
| 23:17 | Queue | Villager (Male) |
| 23:50 | Queue | Archer |
| 23:51 | Queue | Archer |
| 23:51 | Queue | Archer |
| 23:51 | Queue | Archer |
| 24:00 | Research | Double-Bit Axe |
| 24:02 | Queue | Villager (Male) |
| 24:04 | Research | Horse Collar |
| 24:20 | Build | Farm |
| 24:20 | Build | Farm |
| 24:23 | Queue | Villager (Male) |
| 25:03 | Build | Farm |
| 25:04 | Build | Farm |
| 25:04 | Build | Farm |
| 25:05 | Build | Farm |
| 25:23 | Queue | Archer |
| 25:23 | Queue | Archer |
| 25:23 | Queue | Archer |
| 25:24 | Queue | Villager (Male) |
| 25:24 | Queue | Villager (Male) |
| 25:29 | Build | House |
| 25:30 | Build | House |
| 25:30 | Build | House |
| 25:31 | Build | House |
| 25:32 | Build | House |
| 25:32 | Build | House |
| 25:33 | Build | House |
| 25:39 | Queue | Archer |
| 25:39 | Queue | Archer |
| 25:43 | Queue | Archer |
| 25:53 | Build | Farm |
Build order — HSL | LuxRay
First 150 of 325 actions detected
| 0:01 | Queue | Villager (Male) |
| 0:01 | Queue | Villager (Male) |
| 0:02 | Build | House |
| 0:04 | Build | House |
| 0:13 | Queue | Villager (Male) |
| 0:21 | Queue | Villager (Male) |
| 1:29 | Queue | Villager (Male) |
| 2:10 | Queue | Villager (Male) |
| 2:23 | Queue | Villager (Male) |
| 3:02 | Queue | Villager (Male) |
| 3:02 | Queue | Villager (Male) |
| 3:21 | Queue | Villager (Male) |
| 3:30 | Build | House |
| 3:49 | Queue | Villager (Male) |
| 4:01 | Build | Dock |
| 4:23 | Queue | Villager (Male) |
| 4:42 | Queue | Villager (Male) |
| 4:51 | Queue | Fishing Ship |
| 4:54 | Build | House |
| 5:01 | Queue | Villager (Male) |
| 5:33 | Queue | Fishing Ship |
| 5:56 | Queue | Villager (Male) |
| 5:59 | Queue | Villager (Male) |
| 6:15 | Queue | Fishing Ship |
| 6:31 | Queue | Villager (Male) |
| 6:38 | Build | Mill |
| 6:39 | Queue | Villager (Male) |
| 6:49 | Build | House |
| 7:28 | Queue | Villager (Male) |
| 7:32 | Queue | Fishing Ship |
| 8:13 | Queue | Villager (Male) |
| 8:30 | Queue | Villager (Male) |
| 8:43 | Build | Mule Cart |
| 9:08 | Queue | Villager (Male) |
| 9:24 | Queue | Villager (Male) |
| 10:09 | Queue | Villager (Male) |
| 10:18 | Build | House |
| 10:26 | Research | Loom |
| 10:33 | Research | Feudal Age |
| 12:18 | Queue | Villager (Male) |
| 12:21 | Queue | Villager (Male) |
| 13:01 | Age | Feudal Age |
| 13:03 | Build | Market |
| 13:06 | Build | Blacksmith |
| 13:11 | Research | Double-Bit Axe |
| 13:18 | Build | Fish Trap |
| 13:28 | Build | Fish Trap |
| 13:32 | Queue | Fishing Ship |
| 13:39 | Build | Fish Trap |
| 13:52 | Research | Castle Age |
| 14:06 | Build | Mule Cart |
| 14:20 | Build | Fish Trap |
| 14:40 | Build | House |
| 15:30 | Build | House |
| 16:32 | Age | Castle Age |
| 16:34 | Build | Town Center |
| 16:36 | Build | Town Center |
| 16:39 | Research | Bow Saw |
| 16:40 | Queue | Villager (Male) |
| 16:47 | Research | Horse Collar |
| 16:51 | Queue | Fishing Ship |
| 17:02 | Queue | Villager (Male) |
| 17:15 | Research | Heavy Plow |
| 17:17 | Queue | Villager (Male) |
| 17:34 | Queue | Villager (Male) |
| 17:40 | Build | Fish Trap |
| 17:45 | Queue | Villager (Male) |
| 17:55 | Queue | Villager (Male) |
| 18:00 | Queue | Villager (Male) |
| 18:04 | Build | Farm |
| 18:06 | Build | Farm |
| 18:06 | Queue | Villager (Male) |
| 18:09 | Queue | Villager (Male) |
| 18:18 | Build | Fish Trap |
| 18:20 | Queue | Villager (Male) |
| 18:20 | Queue | Villager (Male) |
| 18:20 | Queue | Villager (Male) |
| 18:21 | Queue | Villager (Male) |
| 18:24 | Build | Farm |
| 18:35 | Queue | Villager (Male) |
| 18:47 | Build | Farm |
| 18:50 | Queue | Villager (Male) |
| 18:53 | Build | Barracks |
| 18:54 | Build | Farm |
| 19:11 | Queue | Villager (Male) |
| 19:14 | Build | Farm |
| 19:18 | Build | Farm |
| 19:20 | Build | Farm |
| 19:20 | Queue | Villager (Male) |
| 19:32 | Build | Stable |
| 19:34 | Queue | Villager (Male) |
| 19:38 | Build | Farm |
| 19:44 | Build | Farm |
| 19:45 | Queue | Villager (Male) |
| 19:50 | Build | Farm |
| 19:50 | Queue | Villager (Male) |
| 19:57 | Build | Farm |
| 20:00 | Build | Farm |
| 20:11 | Build | Farm |
| 20:13 | Queue | Knight |
| 20:13 | Queue | Knight |
| 20:17 | Build | House |
| 20:21 | Queue | Villager (Male) |
| 20:34 | Build | Farm |
| 20:35 | Queue | Villager (Male) |
| 20:37 | Queue | Villager (Male) |
| 20:41 | Build | House |
| 20:44 | Build | Stable |
| 20:45 | Queue | Knight |
| 20:52 | Queue | Knight |
| 20:55 | Queue | Villager (Male) |
| 21:07 | Build | House |
| 21:07 | Queue | Knight |
| 21:15 | Research | Forging |
| 21:17 | Queue | Villager (Male) |
| 21:20 | Build | Farm |
| 21:21 | Build | Farm |
| 21:24 | Build | Farm |
| 21:26 | Build | Farm |
| 21:27 | Queue | Villager (Male) |
| 21:28 | Queue | Villager (Male) |
| 21:31 | Build | Farm |
| 21:31 | Build | Farm |
| 21:34 | Queue | Knight |
| 21:43 | Build | Stable |
| 21:56 | Queue | Knight |
| 22:00 | Queue | Villager (Male) |
| 22:01 | Queue | Villager (Male) |
| 22:21 | Research | Gold Mining |
| 22:26 | Build | House |
| 22:26 | Build | House |
| 22:32 | Research | Scale Barding Armor |
| 22:34 | Queue | Villager (Male) |
| 22:35 | Queue | Villager (Male) |
| 22:38 | Build | House |
| 22:40 | Build | House |
| 22:41 | Build | House |
| 22:46 | Build | Mule Cart |
| 22:54 | Queue | Knight |
| 22:58 | Queue | Knight |
| 23:08 | Research | Bloodlines |
| 23:16 | Build | House |
| 23:26 | Queue | Villager (Male) |
| 23:27 | Queue | Knight |
| 23:28 | Queue | Villager (Male) |
| 23:29 | Queue | Villager (Male) |
| 23:29 | Queue | Villager (Male) |
| 23:30 | Queue | Villager (Male) |
| 23:34 | Build | Farm |
| 23:36 | Build | Farm |
Build order — Permatrago
First 150 of 363 actions detected
| 0:02 | Queue | Villager (Male) |
| 0:02 | Queue | Villager (Male) |
| 0:02 | Queue | Villager (Male) |
| 0:05 | Build | House |
| 0:05 | Build | House |
| 0:06 | Build | House |
| 0:06 | Build | House |
| 0:06 | Build | House |
| 0:06 | Build | House |
| 0:06 | Build | House |
| 0:14 | Build | Mill |
| 0:18 | Queue | Villager (Male) |
| 0:18 | Queue | Villager (Male) |
| 1:37 | Queue | Villager (Male) |
| 1:37 | Queue | Villager (Male) |
| 1:40 | Research | Loom |
| 2:07 | Queue | Villager (Male) |
| 2:07 | Queue | Villager (Male) |
| 2:33 | Queue | Villager (Male) |
| 2:33 | Queue | Villager (Male) |
| 3:15 | Queue | Villager (Male) |
| 3:15 | Queue | Villager (Male) |
| 3:43 | Queue | Villager (Male) |
| 4:04 | Queue | Villager (Male) |
| 4:04 | Queue | Villager (Male) |
| 4:44 | Queue | Villager (Male) |
| 4:44 | Queue | Villager (Male) |
| 4:53 | Queue | Villager (Male) |
| 4:53 | Queue | Villager (Male) |
| 5:34 | Build | Lumber Camp |
| 5:39 | Queue | Villager (Male) |
| 5:39 | Queue | Villager (Male) |
| 5:40 | Queue | Villager (Male) |
| 5:40 | Queue | Villager (Male) |
| 5:40 | Queue | Villager (Male) |
| 5:46 | Queue | Villager (Male) |
| 5:46 | Queue | Villager (Male) |
| 5:46 | Queue | Villager (Male) |
| 6:59 | Build | House |
| 7:19 | Queue | Villager (Male) |
| 7:19 | Queue | Villager (Male) |
| 7:47 | Research | Feudal Age |
| 7:48 | Research | Feudal Age |
| 8:38 | Queue | Villager (Male) |
| 8:38 | Queue | Villager (Male) |
| 9:01 | Build | Mill |
| 9:09 | Queue | Villager (Male) |
| 9:10 | Queue | Villager (Male) |
| 9:18 | Build | Mining Camp |
| 10:16 | Age | Feudal Age |
| 10:23 | Queue | Villager (Male) |
| 10:25 | Queue | Villager (Male) |
| 10:31 | Build | Market |
| 10:39 | Queue | Villager (Male) |
| 11:00 | Queue | Villager (Male) |
| 11:07 | Research | Double-Bit Axe |
| 11:10 | Queue | Villager (Male) |
| 11:26 | Build | House |
| 11:36 | Queue | Villager (Male) |
| 11:58 | Queue | Villager (Male) |
| 12:05 | Build | House |
| 12:09 | Build | Blacksmith |
| 12:16 | Build | House |
| 12:46 | Research | Horse Collar |
| 13:08 | Queue | Villager (Male) |
| 13:43 | Research | Castle Age |
| 13:43 | Research | Castle Age |
| 14:30 | Build | Farm |
| 14:30 | Build | Farm |
| 14:31 | Build | Farm |
| 14:32 | Build | Farm |
| 14:33 | Build | Farm |
| 14:52 | Build | Farm |
| 14:52 | Build | Farm |
| 14:53 | Build | Farm |
| 15:05 | Build | Farm |
| 15:52 | Build | Barracks |
| 15:54 | Queue | Villager (Male) |
| 16:00 | Queue | Villager (Male) |
| 16:23 | Age | Castle Age |
| 16:30 | Build | Siege Workshop |
| 16:34 | Queue | Villager (Male) |
| 16:57 | Queue | Villager (Male) |
| 17:02 | Queue | Armored Elephant |
| 17:03 | Queue | Armored Elephant |
| 17:03 | Queue | Armored Elephant |
| 17:03 | Queue | Armored Elephant |
| 17:04 | Queue | Armored Elephant |
| 17:04 | Queue | Armored Elephant |
| 17:16 | Queue | Villager (Male) |
| 17:27 | Build | Monastery |
| 17:53 | Queue | Armored Elephant |
| 17:53 | Queue | Armored Elephant |
| 18:06 | Queue | Monk |
| 18:06 | Queue | Monk |
| 18:35 | Queue | Armored Elephant |
| 18:35 | Queue | Armored Elephant |
| 18:44 | Queue | Armored Elephant |
| 18:44 | Queue | Armored Elephant |
| 19:04 | Queue | Monk |
| 19:09 | Build | House |
| 19:09 | Build | House |
| 19:09 | Build | House |
| 19:09 | Build | House |
| 19:46 | Queue | Armored Elephant |
| 19:46 | Queue | Armored Elephant |
| 19:46 | Queue | Armored Elephant |
| 20:09 | Queue | Armored Elephant |
| 20:09 | Queue | Armored Elephant |
| 20:10 | Queue | Armored Elephant |
| 20:24 | Build | Stable |
| 20:53 | Queue | Armored Elephant |
| 20:53 | Queue | Armored Elephant |
| 20:53 | Queue | Armored Elephant |
| 21:52 | Research | Husbandry |
| 21:52 | Research | Husbandry |
| 21:56 | Build | Stable |
| 22:24 | Research | Bloodlines |
| 23:06 | Build | Stable |
| 23:15 | Queue | Camel Scout |
| 23:15 | Queue | Camel Scout |
| 23:15 | Queue | Camel Scout |
| 23:15 | Queue | Camel Scout |
| 23:16 | Queue | Camel Scout |
| 23:22 | Queue | Camel Scout |
| 23:22 | Queue | Camel Scout |
| 23:24 | Queue | Villager (Male) |
| 23:25 | Queue | Villager (Male) |
| 23:25 | Queue | Villager (Male) |
| 23:26 | Queue | Villager (Male) |
| 23:26 | Queue | Villager (Male) |
| 23:27 | Queue | Villager (Male) |
| 23:32 | Build | Farm |
| 23:32 | Build | Farm |
| 23:32 | Build | Farm |
| 23:33 | Build | Farm |
| 23:33 | Build | Farm |
| 23:33 | Build | Farm |
| 23:33 | Build | Farm |
| 23:39 | Queue | Camel Scout |
| 23:40 | Queue | Camel Scout |
| 23:40 | Queue | Camel Scout |
| 23:59 | Queue | Camel Scout |
| 23:59 | Queue | Camel Scout |
| 23:59 | Queue | Camel Scout |
| 24:08 | Build | House |
| 24:08 | Build | House |
| 24:08 | Build | House |
| 24:08 | Build | House |
| 24:08 | Build | House |
Build order — MANQUELINI
First 150 of 260 actions detected
| 0:01 | Queue | Villager (Male) |
| 0:01 | Queue | Villager (Male) |
| 0:01 | Queue | Villager (Male) |
| 0:16 | Queue | Villager (Male) |
| 1:42 | Build | Lumber Camp |
| 1:43 | Queue | Villager (Male) |
| 2:04 | Queue | Villager (Male) |
| 2:05 | Queue | Villager (Male) |
| 2:35 | Queue | Villager (Male) |
| 2:35 | Queue | Villager (Male) |
| 2:54 | Queue | Villager (Male) |
| 3:18 | Queue | Villager (Male) |
| 3:42 | Queue | Villager (Male) |
| 4:13 | Queue | Villager (Male) |
| 4:25 | Queue | Villager (Male) |
| 5:08 | Queue | Villager (Male) |
| 5:09 | Queue | Villager (Male) |
| 5:38 | Queue | Villager (Male) |
| 6:04 | Queue | Villager (Male) |
| 6:14 | Build | Mill |
| 6:25 | Queue | Villager (Male) |
| 6:56 | Queue | Villager (Male) |
| 7:12 | Build | Mill |
| 7:16 | Queue | Villager (Male) |
| 7:40 | Queue | Villager (Male) |
| 7:44 | Queue | Villager (Male) |
| 7:53 | Queue | Villager (Male) |
| 8:33 | Research | Feudal Age |
| 9:08 | Build | Mill |
| 9:44 | Build | Mill |
| 9:51 | Build | Mining Camp |
| 10:32 | Queue | Villager (Male) |
| 10:33 | Queue | Villager (Male) |
| 10:33 | Queue | Villager (Male) |
| 10:46 | Age | Feudal Age |
| 10:55 | Build | Mill |
| 11:26 | Build | Barracks |
| 11:38 | Research | Double-Bit Axe |
| 12:04 | Queue | Villager (Male) |
| 12:04 | Queue | Villager (Male) |
| 12:05 | Queue | Villager (Male) |
| 12:09 | Research | Horse Collar |
| 13:24 | Queue | Villager (Male) |
| 13:25 | Queue | Villager (Male) |
| 13:25 | Queue | Villager (Male) |
| 13:32 | Build | Farm |
| 13:32 | Build | Farm |
| 13:32 | Build | Farm |
| 13:33 | Build | Farm |
| 13:33 | Build | Farm |
| 13:33 | Build | Farm |
| 13:34 | Build | Farm |
| 13:34 | Build | Farm |
| 13:34 | Build | Farm |
| 13:47 | Build | Stable |
| 13:55 | Queue | Villager (Male) |
| 14:35 | Queue | Scout Cavalry |
| 14:36 | Queue | Scout Cavalry |
| 14:36 | Queue | Scout Cavalry |
| 14:41 | Build | Stable |
| 14:52 | Build | Stable |
| 15:03 | Build | Palisade Gate |
| 15:18 | Build | Stable |
| 15:19 | Queue | Villager (Male) |
| 15:19 | Queue | Villager (Male) |
| 15:20 | Queue | Villager (Male) |
| 15:20 | Queue | Villager (Male) |
| 15:26 | Queue | Scout Cavalry |
| 16:00 | Build | Palisade Wall |
| 16:03 | Queue | Scout Cavalry |
| 16:21 | Queue | Scout Cavalry |
| 16:23 | Queue | Scout Cavalry |
| 16:24 | Queue | Scout Cavalry |
| 16:24 | Queue | Scout Cavalry |
| 16:52 | Build | Blacksmith |
| 16:55 | Build | Market |
| 16:56 | Queue | Villager (Male) |
| 16:57 | Queue | Villager (Male) |
| 17:30 | Queue | Scout Cavalry |
| 17:31 | Queue | Scout Cavalry |
| 17:31 | Queue | Scout Cavalry |
| 17:32 | Queue | Scout Cavalry |
| 17:33 | Queue | Scout Cavalry |
| 17:37 | Research | Scale Barding Armor |
| 17:37 | Research | Forging |
| 17:45 | Build | Lumber Camp |
| 17:52 | Queue | Villager (Male) |
| 17:54 | Queue | Villager (Male) |
| 18:12 | Queue | Scout Cavalry |
| 18:13 | Queue | Scout Cavalry |
| 19:08 | Research | Wheelbarrow |
| 19:15 | Build | Farm |
| 19:15 | Build | Farm |
| 19:18 | Build | Farm |
| 19:18 | Build | Farm |
| 20:25 | Research | Bloodlines |
| 20:25 | Queue | Scout Cavalry |
| 20:34 | Build | Farm |
| 20:34 | Build | Farm |
| 20:35 | Build | Farm |
| 20:35 | Build | Farm |
| 20:35 | Build | Farm |
| 20:35 | Build | Farm |
| 20:36 | Build | Farm |
| 20:36 | Build | Farm |
| 20:36 | Build | Farm |
| 20:37 | Build | Farm |
| 20:37 | Build | Farm |
| 20:37 | Build | Farm |
| 20:37 | Build | Farm |
| 20:38 | Build | Farm |
| 20:38 | Build | Farm |
| 20:38 | Build | Farm |
| 20:38 | Build | Farm |
| 20:39 | Build | Farm |
| 20:39 | Build | Farm |
| 20:39 | Build | Farm |
| 20:39 | Build | Farm |
| 20:40 | Build | Farm |
| 20:40 | Build | Farm |
| 20:40 | Build | Farm |
| 20:40 | Build | Farm |
| 20:41 | Build | Farm |
| 20:41 | Build | Farm |
| 21:12 | Queue | Villager (Male) |
| 21:38 | Queue | Villager (Male) |
| 21:38 | Queue | Villager (Male) |
| 22:24 | Queue | Villager (Male) |
| 22:24 | Queue | Villager (Male) |
| 22:45 | Build | Farm |
| 22:52 | Build | Stable |
| 22:54 | Build | Stable |
| 23:15 | Queue | Villager (Male) |
| 23:23 | Queue | Scout Cavalry |
| 23:25 | Queue | Scout Cavalry |
| 23:25 | Queue | Scout Cavalry |
| 23:25 | Queue | Scout Cavalry |
| 23:26 | Queue | Scout Cavalry |
| 23:32 | Build | Mining Camp |
| 23:34 | Queue | Villager (Male) |
| 23:35 | Queue | Villager (Male) |
| 24:07 | Queue | Villager (Male) |
| 24:23 | Queue | Scout Cavalry |
| 24:24 | Queue | Scout Cavalry |
| 24:25 | Queue | Scout Cavalry |
| 24:26 | Queue | Scout Cavalry |
| 24:26 | Queue | Scout Cavalry |
| 24:39 | Queue | Villager (Male) |
| 24:46 | Build | Farm |
| 24:57 | Build | Stable |
Match timeline
| 0:49 | chiwire · wall_segment Palisade Wall x11 |
| 1:27 | Zawrt · wall_segment Palisade Wall x1 |
| 1:29 | Zawrt · wall_segment Palisade Wall x1 |
| 1:36 | Zawrt · wall_segment Palisade Wall x1 |
| 1:44 | chiwire · wall_segment Palisade Wall x1 |
| 1:46 | chiwire · wall_segment Palisade Wall x1 |
| 1:46 | Zawrt · wall_segment Palisade Wall x1 |
| 1:49 | Zawrt · wall_segment Palisade Wall x4 |
| 2:28 | deadly neighbour · wall_segment Palisade Wall x4 |
| 2:41 | deadly neighbour · wall_segment Palisade Wall x1 |
| 2:43 | deadly neighbour · wall_segment Palisade Wall x1 |
| 2:53 | deadly neighbour · wall_segment Palisade Wall x1 |
| 2:56 | deadly neighbour · wall_segment Palisade Wall x1 |
| 3:01 | chiwire · wall_segment Palisade Wall x9 |
| 3:28 | Zawrt · wall_segment Palisade Wall x1 |
| 4:01 | HSL | LuxRay · first_building Dock |
| 4:08 | Zawrt · wall_segment Palisade Wall x1 |
| 4:09 | Zawrt · wall_segment Palisade Wall x1 |
| 5:03 | deadly neighbour · wall_segment Palisade Wall x1 |
| 5:53 | Zawrt · wall_segment Palisade Wall x8 |
| 6:11 | Zawrt · wall_segment Palisade Wall x1 |
| 6:21 | Zawrt · wall_segment Palisade Wall x1 |
| 6:25 | Zawrt · wall_segment Palisade Wall x1 |
| 6:33 | Zawrt · wall_segment Palisade Wall x1 |
| 6:45 | deadly neighbour · first_building Dock |
| 6:47 | Zawrt · wall_segment Palisade Wall x1 |
| 7:01 | Zawrt · wall_segment Palisade Wall x1 |
| 7:22 | Zawrt · wall_segment Palisade Wall x1 |
| 10:16 | Permatrago · age_up feudal |
| 10:27 | Zawrt · first_building Barracks |
| 10:36 | Zawrt · wall_segment Palisade Wall x1 |
| 10:37 | Zawrt · wall_segment Palisade Wall x1 |
| 10:46 | MANQUELINI · age_up feudal |
| 11:07 | 3409853472 · age_up feudal |
| 11:26 | MANQUELINI · first_building Barracks |
| 11:41 | Juanchoche · wall_segment Palisade Wall x4 |
| 11:42 | Zawrt · age_up feudal |
| 11:47 | Juanchoche · wall_segment Palisade Wall x1 |
| 11:53 | Zawrt · wall_segment Stone Wall x1 |
| 11:54 | Zawrt · wall_segment Stone Wall x1 |
| 12:17 | Juanchoche · age_up feudal |
| 12:32 | chiwire · age_up feudal |
| 12:36 | Zawrt · first_building Archery Range |
| 12:43 | deadly neighbour · age_up feudal |
| 13:01 | HSL | LuxRay · age_up feudal |
| 13:09 | 3409853472 · wall_segment Palisade Wall x1 |
| 13:10 | Permatrago · first_market_buy 100 food |
| 13:42 | Permatrago · first_market_sell 100 stone |
| 13:47 | MANQUELINI · first_building Stable |
| 14:44 | chiwire · wall_segment Stone Wall x9 |
| 15:29 | Permatrago · tribute_sent a jugador 1 |
| 15:29 | Permatrago · tribute_sent a jugador 2 |
| 15:29 | Permatrago · tribute_sent a jugador 3 |
| 15:29 | Permatrago · tribute_sent a jugador 4 |
| 15:29 | Permatrago · tribute_sent a jugador 5 |
| 15:29 | Permatrago · tribute_sent a jugador 7 |
| 15:29 | Permatrago · tribute_sent a jugador 8 |
| 15:47 | Juanchoche · age_up castle |
| 15:49 | Juanchoche · first_building Siege Workshop |
| 15:52 | Permatrago · first_building Barracks |
| 15:53 | Juanchoche · first_building Monastery |
| 16:00 | MANQUELINI · wall_segment Palisade Wall x1 |
| 16:23 | Permatrago · age_up castle |
| 16:30 | Permatrago · first_building Siege Workshop |
| 16:31 | chiwire · age_up castle |
| 16:32 | HSL | LuxRay · age_up castle |
| 16:38 | 3409853472 · wall_segment Stone Wall x5 |
| 16:39 | 3409853472 · wall_segment Stone Wall x3 |
| 16:41 | deadly neighbour · age_up castle |
| 16:46 | deadly neighbour · first_building Castle |
| 17:08 | chiwire · first_building Siege Workshop |
| 17:20 | chiwire · wall_segment Stone Wall x8 |
| 17:27 | Permatrago · first_building Monastery |
| 18:32 | chiwire · first_market_buy 100 wood |
| 18:36 | 3409853472 · wall_segment Stone Wall x1 |
| 18:51 | 3409853472 · wall_segment Palisade Wall x1 |
| 18:53 | HSL | LuxRay · first_building Barracks |
| 19:04 | deadly neighbour · first_market_buy 100 food |
| 19:32 | HSL | LuxRay · first_building Stable |
| 19:34 | chiwire · wall_segment Stone Wall x5 |
| 20:11 | Juanchoche · wall_segment Palisade Wall x1 |
| 20:13 | Juanchoche · wall_segment Palisade Wall x1 |
| 20:24 | Permatrago · first_building Stable |
| 20:30 | Zawrt · first_building Dock |
| 20:54 | Juanchoche · first_building Barracks |
| 21:15 | deadly neighbour · first_building Monastery |
| 21:43 | Juanchoche · first_building Stable |
| 22:30 | deadly neighbour · first_building Siege Workshop |
| 22:58 | HSL | LuxRay · first_market_sell 100 wood |
| 23:04 | Juanchoche · first_market_buy 100 food |
| 23:19 | chiwire · first_market_sell 100 food |
| 23:53 | 3409853472 · wall_segment Palisade Wall x1 |
| 23:54 | deadly neighbour · first_market_sell 100 wood |
| 23:56 | chiwire · first_building Castle |
| 24:12 | 3409853472 · wall_segment Stone Wall x3 |
| 24:22 | 3409853472 · wall_segment Stone Wall x2 |
| 27:09 | MANQUELINI · wall_segment Stone Wall x8 |
| 28:20 | HSL | LuxRay · tribute_sent a jugador 1 |
| 28:20 | HSL | LuxRay · tribute_sent a jugador 2 |
| 28:20 | HSL | LuxRay · tribute_sent a jugador 3 |
| 28:20 | HSL | LuxRay · tribute_sent a jugador 4 |
| 28:20 | HSL | LuxRay · tribute_sent a jugador 6 |
| 28:20 | HSL | LuxRay · tribute_sent a jugador 7 |
| 28:20 | HSL | LuxRay · tribute_sent a jugador 8 |
| 28:22 | Juanchoche · tribute_sent a jugador 1 |
| 28:22 | Juanchoche · tribute_sent a jugador 2 |
| 28:22 | Juanchoche · tribute_sent a jugador 3 |
| 28:22 | Juanchoche · tribute_sent a jugador 4 |
| 28:22 | Juanchoche · tribute_sent a jugador 5 |
| 28:22 | Juanchoche · tribute_sent a jugador 6 |
| 28:22 | Juanchoche · tribute_sent a jugador 8 |
| 28:51 | MANQUELINI · first_market_sell 100 food |
| 29:00 | Zawrt · age_up castle |
| 29:02 | deadly neighbour · wall_segment Stone Wall x6 |
| 29:12 | deadly neighbour · wall_segment Stone Wall x6 |
| 30:08 | MANQUELINI · age_up castle |
| 30:37 | HSL | LuxRay · first_building Castle |
| 30:53 | HSL | LuxRay · first_building Monastery |
| 31:00 | deadly neighbour · first_building Barracks |
| 31:12 | MANQUELINI · first_building Siege Workshop |
| 31:21 | MANQUELINI · wall_segment Stone Wall x8 |
| 31:29 | MANQUELINI · wall_segment Stone Wall x5 |
| 31:29 | Juanchoche · first_building Castle |
| 31:54 | deadly neighbour · first_building Archery Range |
| 32:41 | deadly neighbour · age_up imperial |
| 34:09 | Juanchoche · first_market_sell 100 stone |
| 34:12 | MANQUELINI · wall_segment Stone Wall x7 |
| 34:15 | MANQUELINI · wall_segment Stone Wall x3 |
| 34:19 | Juanchoche · age_up imperial |
| 34:26 | MANQUELINI · wall_segment Stone Wall x6 |
| 35:11 | HSL | LuxRay · tribute_sent a jugador 1 |
| 35:11 | HSL | LuxRay · tribute_sent a jugador 2 |
| 35:11 | HSL | LuxRay · tribute_sent a jugador 3 |
| 35:11 | HSL | LuxRay · tribute_sent a jugador 4 |
| 35:11 | HSL | LuxRay · tribute_sent a jugador 6 |
| 35:11 | HSL | LuxRay · tribute_sent a jugador 7 |
| 35:11 | HSL | LuxRay · tribute_sent a jugador 8 |
| 35:47 | HSL | LuxRay · age_up imperial |
| 35:48 | MANQUELINI · first_building Castle |
| 38:11 | MANQUELINI · wall_segment Stone Wall x10 |
| 38:18 | MANQUELINI · wall_segment Stone Wall x7 |
| 38:47 | HSL | LuxRay · tribute_sent a jugador 1 |
| 38:47 | HSL | LuxRay · tribute_sent a jugador 2 |
| 38:47 | HSL | LuxRay · tribute_sent a jugador 3 |
| 38:47 | HSL | LuxRay · tribute_sent a jugador 4 |
| 38:47 | HSL | LuxRay · tribute_sent a jugador 6 |
| 38:47 | HSL | LuxRay · tribute_sent a jugador 7 |
| 38:47 | HSL | LuxRay · tribute_sent a jugador 8 |
| 39:41 | chiwire · first_building Barracks |
| 39:55 | MANQUELINI · wall_segment Stone Wall x2 |
| 40:18 | Zawrt · resign |
[ AI ANALYSIS · 1 CREDIT ]
What really happened in this match?
Wolo.gg analyzes every decision: build order, eco, micro, common mistakes by bracket. Personalized analysis on WhatsApp or Discord in 30 seconds.
Civ guide
Saracens
Perfil
Jugador #2579821